Map: Dusk Towers

Players

Lambo - Winner!

  • Race: Zerg Zerg
  • League: Grandmaster

yingyang

  • Race: Protoss Protoss
  • League: Grandmaster

Event: DreamHack ZOWIE Open Leipzig

VOD

Have the link to the VOD?

Description

Time

  • Played on: Jan. 22, 2016, 8:33 a.m.
  • Length: 13:21

All games in this series

Show
View Real Time Build Order
Export as new Build Order

Lambo Zerg - Winner!

Build Orders: Hatch First, Lurkers 

Get SALT Encoding   

  12  0:01  Drone  
  13  0:12  Overlord  
  13  0:17  Drone  
  14  0:30  Drone x2  
  14  0:35  Drone  
  17  0:51  Hatchery  
  17  0:53  Drone  
  17  1:06  Spawning Pool  
  17  1:10  Drone  
  17  1:13  Drone  
  18  1:33  Drone  
  18  1:37  Overlord  
  19  1:41  Drone  
  20  1:56  Zergling x2, Queen, Extractor  
  22  2:02  Zergling x2  
  22  2:03  Queen  
  25  2:08  Drone  
  25  2:12  Drone  
  27  2:24  Drone x2  
  29  2:32  Hatchery  
  29  2:36  Overlord  
  28  2:40  Drone x2  
  30  2:54  Overlord  
  30  2:55  Drone x2  
  30  2:56  Queen  
  34  3:03  Drone  
  35  3:07  Metabolic Boost  
  35  3:10  Overlord  
  35  3:13  Drone x3  
  35  3:16  Drone  
  35  3:18  Drone  
  39  3:21  Drone  
  39  3:25  Drone x2  
  42  3:34  Drone  
  42  3:37  Overlord  
  42  3:39  Drone  
  44  3:46  Drone x5  
  49  3:48  Extractor  
  49  3:54  Drone x2  
  49  3:55  Drone x3, Roach Warren  
  53  4:02  Evolution Chamber, Extractor  
  53  4:06  Overlord  
  53  4:07  Drone  
  53  4:08  Drone  
  53  4:11  Lair  
  53  4:13  Drone x2  
  53  4:17  Drone x2  
  57  4:21  Drone x2  
  57  4:22  Drone x2  
  61  4:28  Drone x2  
  61  4:31  Overlord  
  63  4:32  Drone x4  
  63  4:35  Extractor x2  
  65  4:42  Roach x4  
  73  4:46  Zergling x2  
  73  4:52  Extractor  
  73  4:53  Zergling x6, Roach, Extractor  
  73  4:54  Roach  
  73  4:58  Overlord  
  73  4:59  Overlord  
  79  5:03  Spore Crawler  
  79  5:04  Drone x4  
  82  5:08  Zerg Missile Weapons Level 1  
  82  5:10  Overseer  
  82  5:17  Overseer  
  83  5:21  Drone x6  
  83  5:26  Spore Crawler  
  87  5:28  Hatchery, Spore Crawler, Drone  
  87  5:30  Hydralisk Den  
  82  5:38  Drone  
  82  5:39  Drone  
  83  5:46  Overlord  
  83  5:47  Overlord  
  83  5:48  Drone x2  
  83  5:49  Drone x5  
  90  6:01  Muscular Augments  
  90  6:03  Overlord x3  
  90  6:04  Overlord  
  87  6:19  Hydralisk x8  
  87  6:24  Hydralisk x2  
  107  6:28  Overseer  
  107  6:29  Hydralisk x2  
  111  6:34  Hydralisk x2  
  115  6:42  Hydralisk  
  115  6:43  Hydralisk x3  
  123  6:49  Hydralisk x3  
  129  6:59  Hydralisk x5  
  139  7:05  Roach x2  
  139  7:06  Overlord x2  
  143  7:09  Zerg Missile Weapons Level 2  
  143  7:16  Overlord  
  143  7:23  Overlord  
  143  7:26  Overlord  
  143  7:27  Roach  
  143  7:28  Roach x6  
  157  7:30  Roach  
  157  7:34  Infestation Pit  
  157  7:41  Roach x5  
  166  7:46  Roach x4  
  172  7:59  Roach  
  172  8:00  Roach x5  
  166  8:07  Hydralisk, Roach x6  
  148  8:15  Hydralisk x4  
  150  8:22  Queen  
  150  8:24  Hydralisk, Roach  
  156  8:30  Hive  
  156  8:32  Drone x2  
  158  8:36  Lurker Den  
  158  8:39  Roach  
  160  8:41  Extractor  
  160  8:43  Glial Reconstitution  
  160  8:45  Extractor  
  158  8:52  Drone x3  
  158  8:53  Drone x3  
  164  9:00  Roach x6  
  176  9:08  Hydralisk x5  
  158  9:16  Hydralisk x3  
  130  9:28  Hydralisk x4  
  122  9:38  Spire  
  115  9:39  Queen x3  
  121  9:55  Roach x5  
  121  9:56  Roach x5  
  141  10:02  Queen  
  141  10:05  Lurker x3, Overseer  
  146  10:15  Queen  
  146  10:18  Zerg Missile Weapons Level 3  
  146  10:20  Queen x2  
  152  10:26  Overlord x2  
  152  10:27  Overlord  
  152  10:31  Drone x5  
  152  10:35  Spine Crawler  
  156  10:36  Spine Crawler  
  156  10:39  Spore Crawler  
  154  10:45  Lurker x3  
  154  10:46  Lurker  
  158  10:52  Greater Spire  
  158  11:00  Overlord, Overseer  
  158  11:07  Overlord  
  158  11:09  Corruptor x6  
  170  11:17  Corruptor  
  170  11:18  Corruptor  
  174  11:25  Corruptor  
  176  12:02  Overlord  
  176  12:03  Overlord  
  176  12:05  Spine Crawler  
  176  12:07  Spine Crawler  
  176  12:08  Overlord, Brood Lord x6  
  186  12:10  Brood Lord  
  186  12:14  Overseer  
  188  12:19  Brood Lord  
  190  12:26  Brood Lord  
  192  12:43  Hydralisk  
  192  12:44  Hydralisk x3  
  192  12:47  Overseer  
  192  12:48  Overseer  
  192  12:50  Overseer  
Show
View Real Time Build Order
Export as new Build Order

yingyang Protoss 

Build Orders: 1 Gate Expand, Oracle Opening, Zealot Archon 

Get SALT Encoding   

  12  0:01  Probe (Chrono Boost)  
  13  0:12  Probe (Chrono Boost)  
  14  0:20  Pylon  
  14  0:22  Probe (Chrono Boost)  
  15  0:39  Gateway, Probe (Chrono Boost)  
  16  0:49  Probe (Chrono Boost)  
  17  0:50  Assimilator  
  17  1:00  Probe (Chrono Boost)  
  18  1:10  Probe (Chrono Boost)  
  19  1:21  Probe (Chrono Boost)  
  20  1:29  Nexus  
  20  1:33  Pylon  
  20  1:36  Probe (Chrono Boost)  
  21  1:43  Cybernetics Core  
  22  1:47  Probe (Chrono Boost)  
  22  1:51  Assimilator  
  22  1:57  Probe (Chrono Boost)  
  23  2:08  Probe (Chrono Boost)  
  24  2:18  Probe (Chrono Boost)  
  24  2:19  Stalker (Chrono Boost)  
  24  2:20  Warp Gate  
  27  2:30  Mothership Core  
  27  2:32  Pylon  
  29  2:45  Probe  
  29  2:46  Adept (Chrono Boost)  
  32  2:52  Probe  
  32  2:55  Probe  
  34  3:03  Stargate  
  34  3:04  Probe (Chrono Boost)  
  35  3:07  Probe (Chrono Boost)  
  35  3:15  Probe (Chrono Boost)  
  35  3:18  Probe (Chrono Boost)  
  37  3:26  Probe (Chrono Boost)  
  38  3:29  Nexus  
  38  3:30  Pylon  
  38  3:32  Probe (Chrono Boost)  
  39  3:36  Probe (Chrono Boost)  
  40  3:42  Probe (Chrono Boost)  
  40  3:45  Pylon  
  40  3:47  Probe (Chrono Boost)  
  40  3:48  Oracle (Chrono Boost)  
  42  3:51  Probe  
  46  3:59  Probe  
  46  4:01  Probe, Assimilator  
  47  4:05  Assimilator  
  48  4:11  Probe  
  48  4:13  Robotics Facility  
  48  4:15  Probe, Twilight Council  
  50  4:23  Probe (Chrono Boost)  
  51  4:26  Probe (Chrono Boost)  
  52  4:31  Oracle (Chrono Boost)  
  52  4:33  Probe (Chrono Boost)  
  56  4:38  Probe  
  56  4:40  Probe  
  56  4:43  Probe  
  59  4:45  Charge (Chrono Boost)  
  59  4:50  Probe  
  59  4:51  Probe  
  60  4:55  Probe (Chrono Boost)  
  62  5:01  Observer (Chrono Boost)  
  62  5:03  Probe (Chrono Boost)  
  62  5:04  Probe (Chrono Boost)  
  65  5:09  Probe (Chrono Boost)  
  67  5:14  Probe (Chrono Boost)  
  67  5:15  Gateway, Pylon  
  67  5:16  Gateway, Probe (Chrono Boost)  
  67  5:17  Immortal  
  67  5:18  Gateway  
  67  5:20  Sentry  
  70  5:24  Probe (Chrono Boost)  
  70  5:25  Probe (Chrono Boost)  
  77  5:28  Probe (Chrono Boost)  
  78  5:36  Probe (Chrono Boost)  
  78  5:42  Probe (Chrono Boost)  
  80  5:43  Probe (Chrono Boost)  
  80  5:48  Probe (Chrono Boost), Zealot, Assimilator  
  80  5:53  Probe (Chrono Boost), Assimilator  
  80  5:55  Probe (Chrono Boost)  
  82  5:59  Pylon  
  82  6:00  Probe (Chrono Boost)  
  82  6:01  Pylon  
  82  6:03  Probe (Chrono Boost)  
  84  6:08  Probe (Chrono Boost)  
  85  6:11  Pylon  
  85  6:12  Immortal  
  85  6:14  Probe (Chrono Boost)  
  85  6:16  Probe (Chrono Boost)  
  89  6:25  Templar Archives  
  89  6:30  Probe (Chrono Boost)  
  89  6:31  Zealot x4  
  98  6:33  Gateway  
  98  6:35  Gateway  
  98  6:36  Gateway  
  98  6:38  Gateway  
  98  6:41  Forge  
  98  6:43  Forge  
  98  6:47  Pylon  
  98  6:50  Immortal  
  98  6:52  Zealot x3  
  108  7:07  High Templar  
  110  7:09  Pylon  
  110  7:11  Pylon  
  110  7:12  Psionic Storm  
  110  7:14  Zealot x3  
  116  7:16  Protoss Ground Weapons Level 1 (Chrono Boost), Protoss Ground Armor Level 1 (Chrono Boost)  
  116  7:29  Immortal, High Templar  
  122  7:30  High Templar  
  122  7:31  High Templar  
  122  7:33  Zealot  
  122  7:35  Pylon  
  122  7:36  Archon  
  128  7:38  Pylon, Archon  
  128  7:39  Pylon  
  128  7:41  Zealot  
  130  7:45  Zealot  
  132  7:54  Zealot  
  132  7:55  Zealot  
  136  8:05  Zealot x3  
  130  8:06  Zealot  
  117  8:14  Probe x2  
  117  8:18  Gateway  
  113  8:20  Gateway  
  113  8:21  Gateway  
  113  8:23  High Templar  
  113  8:25  Gateway  
  113  8:26  High Templar x3  
  121  8:36  Immortal (Chrono Boost), Nexus, Pylon  
  121  8:39  Pylon x2  
  121  8:41  Protoss Ground Armor Level 2 (Chrono Boost), Pylon, Protoss Ground Weapons Level 2 (Chrono Boost)  
  121  8:42  Zealot  
  123  8:53  Pylon  
  123  8:57  Pylon  
  123  9:00  Zealot x3  
  123  9:01  Zealot  
  123  9:07  Archon  
  123  9:08  Archon  
  105  9:11  Zealot x5  
  105  9:13  Immortal (Chrono Boost)  
  101  9:22  Zealot x4  
  90  9:31  Zealot x2  
  90  9:32  Zealot, High Templar  
  90  9:33  High Templar  
  100  9:43  Dark Shrine, High Templar x2  
  104  9:47  Immortal (Chrono Boost)  
  104  9:49  Zealot x2  
  112  9:57  Pylon  
  112  9:58  Pylon  
  112  10:00  Zealot, High Templar x2  
  112  10:05  Zealot x2  
  122  10:11  Pylon  
  122  10:14  Pylon  
  122  10:15  Zealot x2, Assimilator  
  122  10:17  Assimilator  
  122  10:18  Zealot  
  122  10:19  Zealot  
  122  10:21  Immortal (Chrono Boost)  
  134  10:25  High Templar x2  
  134  10:26  High Templar  
  140  10:31  Archon  
  140  10:33  High Templar  
  142  10:39  Stargate  
  142  10:41  Pylon  
  142  10:45  Zealot x3, Archon  
  142  10:46  Zealot x2  
  150  10:51  Robotics Facility  
  150  10:53  Nexus  
  150  10:54  Pylon  
  150  10:59  High Templar x2  
  150  11:01  Immortal (Chrono Boost)  
  158  11:08  Photon Cannon  
  158  11:12  Photon Cannon  
  158  11:14  Photon Cannon  
  158  11:15  Photon Cannon  
  158  11:17  Photon Cannon  
  158  11:21  Assimilator  
  158  11:22  Archon  
  158  11:26  Assimilator  
  158  11:30  Photon Cannon  
  158  11:33  High Templar x3  
  158  11:34  Zealot x4, High Templar  
  158  11:35  Zealot  
  158  11:38  Warp Prism (Chrono Boost), Archon  
  158  11:39  Archon  
  178  11:46  Photon Cannon  
  178  11:51  Observer (Chrono Boost), Stargate  
  179  12:01  Dark Templar x2  
  179  12:02  Fleet Beacon  
  183  12:40  Stargate  
  183  12:52  Dark Templar x2  
  175  13:02  Stalker x6  
  175  13:03  Stalker x3  

Tags
 
Add a new tag
Caveats
  • Supply blocks, unpowered buildings, or Contaminate may cause inaccurate times.
  • Supply counts are checked every 10 seconds.